 Dungeon Crawl Stone Soup version 0.29.0-13-gc9e81de378 (webtiles) character file.

Game seed: 2910110755111163124

264 sanka the Poker (level 6, -4/48 HPs)
             Began as a Merfolk Abyssal Knight on Sept 10, 2022.
             Was an Elder of Lugonu.
             Slain by an orc warrior
             ... wielding a +1 mace of protection
              (10 damage)
             ... on level 5 of the Dungeon.
             The game lasted 00:03:45 (3096 turns).

sanka the Poker (Merfolk Abyssal Knight)            Turns: 3096, Time: 00:03:46

Health: -4/48      AC: 12    Str: 15    XL:     6   Next: 19%
Magic:  9/9        EV: 13    Int:  9    God:    Lugonu [****..]
Gold:   165        SH:  6    Dex: 18    Spells: 5/5 levels left

rFire   . . .      SeeInvis .   j - +0 long sword (elec)
rCold   . . .      Faith    +   s - +2 buckler
rNeg    . . .      Spirit   .   b - +0 leather armour
rPois   +          Reflect  .   (no helmet)
rElec   .          Harm     .   k - +1 cloak of Indemnity {rPois Will+++ Dex+3}
rCorr   .          Rampage  .   l - +2 pair of gloves
Will    +++..                   (no boots)
Stlth   +.........              v - amulet of faith
HPRegen 0.16/turn               (no ring)
MPRegen 0.11/turn               y - +4 ring of protection

@: no status effects
A: (nimble swimmer 2), mertail
a: Renounce Religion, Depart the Abyss, Bend Space, Banish, Corrupt


You were on level 5 of the Dungeon.
You worshipped Lugonu.
Lugonu was greatly pleased with you.
You visited 1 branch of the dungeon, and saw 5 of its levels.
You visited the Abyss 1 time.

You collected 165 gold pieces.


Innate Abilities, Weirdness & Mutations

((You are very nimble when in or above water. (Stealth+, EV+, Speed+++)))
Your lower body shifts to a powerful aquatic tail in water.


   Skills:
 + Level 4.3 Fighting
 * Level 4.9 Polearms
 - Level 1.0 Armour
 + Level 3.9 Dodging
 + Level 1.3 Shields
 * Level 4.0 Invocations


You had 5 spell levels left.
You didn't know any spells.
Your spell library contained the following spells:

 Spells                   Type           Power      Damage    Failure   Level
 Freeze                   Ice            0%         1d3       56%         1
 Necrotise                Necr           0%         1d4       56%         1
 Frozen Ramparts          Ice            0%         1d1       90%         3
 Inner Flame              Hex/Fire       0%         N/A       90%         3
 Vampiric Draining        Necr           0%         2d6       90%         3
 Cause Fear               Hex            0%         N/A       100%        4
 Hailstorm                Conj/Ice       0%         3d3       100%        4
 Agony                    Necr           0%         N/A       100%        5
 Discord                  Hex            0%         N/A       100%        8

Inventory:

Hand Weapons
 a - a +1 spear
 j - a +0 long sword of electrocution (weapon)
Armour
 b - a +0 leather armour (worn)
 k - the +1 cloak of Indemnity (worn) {rPois Will+++ Dex+3}

   Dex:       It affects your dexterity (+3).
   rPois:     It protects you from poison.
   Will:      It greatly increases your willpower.
 l - a +2 pair of gloves (worn)
 s - a +2 buckler (worn)
Magical Staves
 h - a staff of conjuration {!a}
Jewellery
 v - an amulet of faith (around neck)
 y - a +4 ring of protection (right hand)
Wands
 r - a wand of roots (6)
Scrolls
 c - a scroll of acquirement {unknown}
 d - a scroll of teleportation {unknown}
 e - 7 scrolls of identify {@r1}
 f - a scroll of amnesia {unknown}
 g - a scroll of blinking {unknown}
 o - 2 scrolls of fear {unknown}
 u - a scroll of butterflies {unknown}
 w - 2 scrolls of immolation {!r}
 x - 2 scrolls of silence {!r}
Potions
 i - a potion of attraction {unknown}
 m - a potion of berserk rage {unknown}
 n - a potion of degeneration {unknown}
 p - 4 potions of flight {unknown}
 q - a potion of curing {unknown}
 t - a potion of mutation {unknown}
 z - a potion of heal wounds {unknown}

Dungeon Overview and Level Annotations

Branches:
Dungeon (5/15)
 Temple: D:4-7

Altars:

.....'.............
.....▒......▒▒.....
.....+......▒▒.....
▒...▒▒.....▒▒..... ▒.
▒...▒▒.....▒▒..... ▒..
▒...▒▒............
▒...▒.................
.o▒...▒▒o....▒..........
.oh..o.mo....▒..........
...oo...o...............
........................
........................
.▒........▒▒)▒▒▒....▒▒▒▒
.............▒▒▒......
.......▒..............
£......▒..............
.... ▒.....!........


You could see an orc warrior, a hound (wandering), 2 orc priests and 5 orcs.


Message History

The orc attacks as you move away! The orc hits you but does no damage.
The orc warrior attacks as you move away!
You block the orc warrior's attack.
The orc warrior attacks as you move away!
The orc warrior hits you with a +1 mace of protection!
* * * LOW HITPOINT WARNING * * *
2 orcs come into view.
The orc shouts!
The orc shouts!
Unknown command.
A hound, an orc priest and an orc come into view.
Found 16 gold pieces.
The orc barely misses you.
An orc priest comes into view. It is wielding a +0 flail.
Okay, then.
As you read the scroll labelled RAMUKHL JIDWAHU, it crumbles to dust.
It is a scroll of identify.
w - 2 scrolls of immolation The orc priest shouts!
The orc priest shouts!
The orc shouts!
The orc warrior closely misses you. The orc completely misses you.
As you read the scroll of identify {@r1}, it crumbles to dust.
x - 2 scrolls of silence You block the orc's attack.
The orc closely misses you.
The orc warrior hits you with a +1 mace of protection!
You die...

Action                   |  1- 3 |  4- 6 || total
-------------------------+-------+-------++-------
Melee: Spear             |    68 |       ||    68
       Long sword        |    62 |    79 ||   141
       Punch             |     2 |       ||     2
  Use: Scroll            |       |     2 ||     2
 Stab: Sleeping          |     1 |     2 ||     3
       Distracted        |     1 |       ||     1
Armor: Leather armour    |    29 |    41 ||    70
Dodge: Dodged            |    69 |    47 ||   116
Block: Buckler           |       |    33 ||    33

Levels and vault maps discovered:
D:1:      wander_arrival_estate, layout_rooms,
          hellmonk_ecumenical_altar_defaced_shrine, palyth_stone_intersect
D:2:      layout_rooms, kennysheep_generic_room_6
D:3:      layout_loops_ring
D:4:      layout_basic
D:5:      layout_basic, jmf_multi_god_temple2, minmay_temple_entry_hall

Notes
Turn   | Place    | Note
-------+----------+-------------------------------------------
     0 | Abyss:1  | sanka the Merfolk Abyssal Knight began the quest for the
                  | Orb.
     0 | Abyss:1  | Reached XP level 1. HP: 18/18 MP: 2/2
     1 | D:1      | Escaped the Abyss
   253 | D:1      | Reached XP level 2. HP: 18/24 MP: 3/3
   348 | D:1      | Reached skill level 3 in Dodging
   462 | D:1      | Reached skill level 3 in Polearms
   474 | D:1      | Found a faded altar of an unknown god.
   666 | D:1      | Reached skill level 1 in Armour
   960 | D:2      | Reached *** piety under Lugonu
  1005 | D:2      | Reached XP level 3. HP: 23/29 MP: 4/4
  1099 | D:2      | Identified the +1 cloak of Indemnity {rPois Will+++ Dex+3}
  2343 | D:4      | Reached XP level 4. HP: 37/37 MP: 6/6
  2354 | D:4      | Reached skill level 3 in Invocations
  2441 | D:4      | Reached skill level 4 in Polearms
  2621 | D:4      | Reached **** piety under Lugonu
  2784 | D:5      | Entered Level 5 of the Dungeon
  2923 | D:5      | Reached XP level 5. HP: 42/42 MP: 7/7
  2928 | D:5      | Reached skill level 4 in Fighting
  3004 | D:5      | Reached skill level 1 in Shields
  3031 | D:5      | Reached XP level 6. HP: 46/48 MP: 8/8
  3052 | D:5      | Noticed an orc warrior
  3080 | D:5      | Reached skill level 4 in Invocations
  3096 | D:5      | Slain by an orc warrior

Vanquished Creatures
  A scorpion (D:5)
  An orc wizard (D:5)
  2 iguanas
  4 adders
  A white imp (D:5)
  An ufetubus (D:5)
  2 dart slugs
  6 orcs
  4 endoplasms
  5 giant cockroaches
  7 goblins
  5 hobgoblins
  7 quokkas
  5 ball pythons
  4 bats
  5 frilled lizards
  4 kobolds
  6 rats
70 creatures vanquished.
